 Dungeon Crawl Stone Soup version 0.31-a0-345-g1ebeae05c6 (webtiles) character file.

Game seed: 3515123622817016951

319 arthad the Digger (level 6, -1/35 HPs)
             Began as a Gargoyle Earth Elementalist on July 22, 2023.
             Slain by a wight
             ... wielding a +0 scimitar
              (7 damage)
             ... on level 5 of the Dungeon on July 23, 2023.
             The game lasted 00:08:02 (2635 turns).

arthad the Digger (Gargoyle Earth Elementalist)     Turns: 2635, Time: 00:08:03

Health: -1/35      AC:  7    Str: 13    XL:     6   Next: 45%
Magic:  1/11       EV: 12    Int: 16    God:
Gold:   254        SH:  0    Dex: 10    Spells: 5/11 levels left

rFire   . . .        l - +0 dagger (venom)
rCold   . . .        (no shield)
rNeg    + . .        a - +0 robe
rPois   ∞            (no helmet)
rElec   +            (no cloak)
rCorr   .            k - +0 pair of gloves
SInv    .            (no boots)
Will    .....        d - amulet of regeneration
Stlth   ++           (no ring)
HPRegen 1.05/turn    (no ring)
MPRegen 0.12/turn

%: no passive effects
@: studying Axes
A: sickness immunity, AC +4, negative energy resistance 1, electricity
resistance, torment resistance 1, petrification resistance
a: no special abilities


You were on level 5 of the Dungeon.
You visited 1 branch of the dungeon, and saw 5 of its levels.

You collected 254 gold pieces.

Inventory:

Hand Weapons
 l - a +0 dagger of venom (weapon)
 o - a +3 rapier
Armour
 a - a +0 robe (worn)
 k - a +0 pair of gloves (worn)
Jewellery
 d - an amulet of regeneration (around neck)
Scrolls
 g - 3 scrolls of amnesia {unknown}
 i - a scroll of revelation {unknown}
 m - a scroll of identify {unknown}
Potions
 b - 2 potions of berserk rage {unknown}
 c - a potion of degeneration {unknown}
 e - a potion of haste {unknown}
 f - a potion of mutation {unknown}
 h - a potion of ambrosia {unknown}
 j - a potion of curing {unknown}
 n - 2 potions of lignification {unknown}


   Skills:
 + Level 1.9 Fighting
 + Level 2.3 Dodging
 + Level 3.3 Stealth
 * Level 3.3 Spellcasting
 * Level 1.5 Conjurations
 + Level 1.7 Transmutations
 * Level 5.1 Earth Magic


You had 5 spell levels left.
You knew the following spells:

 Your Spells              Type           Power      Damage    Failure   Level
a - Sandblast             Erth           38%        2d10      2%          1
b - Passwall              Tmut/Erth      10%        N/A       7%          2
c - Stone Arrow           Conj/Erth      26%        3d8       14%         3

Your spell library contained the following spells:

 Spells                   Type           Power      Damage    Failure   Level
 Sting                    Tmut/Pois      20%        1d4       13%         1
 Poisonous Vapours        Pois/Air       4%         N/A       26%         2
 Petrify                  Tmut/Erth      13%        N/A       41%         4
 Lee's Rapid Deconstruct  Erth           9%         3d7*      52%         5
 Animate Armour           Summ/Erth      20%        N/A       54%         4
 Olgreb's Toxic Radiance  Pois           2%         N/A       87%         4
 Summon Lightning Spire   Summ/Air       2%         N/A       87%         4


Dungeon Overview and Level Annotations

Branches:
Dungeon (6/15)
 Temple: D:4-7

Altars:
Kikubaaqudgha


Innate Abilities, Weirdness & Mutations

You are immune to sickness and miasma.
Your stone body is resilient. (AC +4)
You are immune to poison.
You resist negative energy. (rN+)
You are resistant to electric shocks. (rElec)
You are resistant to unholy torment.
You are immune to petrification.


Message History

Aim: a wight, wielding a +0 scimitar and wearing a +0 robe (moderately damaged, 82% to hit)
The blast of sand hits the wight but does no damage.
The wight is moderately damaged.
The wight misses you.
Aiming: Sandblast (safe; 2% risk of failure)
Press: ? - help, Q - select action, (/) - cycle Shift-Dir - straight line, f/p - wight
Aim: a wight, wielding a +0 scimitar and wearing a +0 robe (moderately damaged, 82% to hit)
The blast of sand hits the wight!
The wight is severely damaged.
The wight hits you but does no damage. The wight misses you.
Aiming: Sandblast (safe; 2% risk of failure)
Press: ? - help, Q - select action, (/) - cycle Shift-Dir - straight line, f/p - wight
Aim: a wight, wielding a +0 scimitar and wearing a +0 robe (severely damaged, 82% to hit)
The blast of sand hits the wight but does no damage.
The wight is severely damaged.
The wight completely misses you.
Aiming: Sandblast (safe; 2% risk of failure)
Press: ? - help, Q - select action, (/) - cycle Shift-Dir - straight line, f/p - wight
Aim: a wight, wielding a +0 scimitar and wearing a +0 robe (severely damaged, 82% to hit)
The blast of sand hits the wight.
The wight is almost destroyed.
The wight hits you with a +0 scimitar!
* * * LOW HITPOINT WARNING * * *
The wight barely misses you.
Your magical contamination has completely faded away.
Aiming: Sandblast (safe; 2% risk of failure)
Press: ? - help, Q - select action, (/) - cycle Shift-Dir - straight line, f/p - wight
Aim: a wight, wielding a +0 scimitar and wearing a +0 robe (almost destroyed, 82% to hit)
The blast of sand hits the wight but does no damage.
The wight is almost destroyed.
The wight misses you.
Aiming: Sandblast (safe; 2% risk of failure)
Press: ? - help, Q - select action, (/) - cycle Shift-Dir - straight line, f/p - wight
Aim: a wight, wielding a +0 scimitar and wearing a +0 robe (almost destroyed, 82% to hit)
The blast of sand hits the wight but does no damage.
The wight is almost destroyed.
The wight hits you with a +0 scimitar.
* * * LOW HITPOINT WARNING * * *
The wight hits you with a +0 scimitar!
You die...

#############
..........^.#
......z@....+
............#
.....!......#
............#
....###..##.#
.<.. #### +#
... ..


You could see a wight.

Vanquished Creatures
  A wight (D:6)
  3 orc wizards (D:3)
  7 gnolls (D:2)
  6 adders
  A worm (D:2)
  A dart slug (D:1)
  7 orcs
  6 endoplasms
  2 giant cockroaches
  5 hobgoblins
  15 jackals
  A quokka (D:2)
  A ball python (D:2)
  3 bats
  3 frilled lizards (D:1)
  4 goblins
  2 kobolds (D:1)
  3 rats
71 creatures vanquished.

Notes
Turn   | Place    | Note
-------+----------+-------------------------------------------
     0 | D:1      | arthad the Gargoyle Earth Elementalist began the quest for
                  | the Orb.
     0 | D:1      | Reached XP level 1. HP: 10/10 MP: 3/3
   132 | D:1      | Reached skill level 1 in Transmutations
   132 | D:1      | Reached XP level 2. HP: 15/15 MP: 1/5
   713 | D:2      | Reached skill level 4 in Earth Magic
   713 | D:2      | Reached XP level 3. HP: 20/20 MP: 2/6
   913 | D:2      | Reached skill level 1 in Fighting
   913 | D:2      | Reached XP level 4. HP: 25/25 MP: 3/7
  1095 | D:2      | Reached XP level 5. HP: 29/29 MP: 5/9
  1098 | D:2      | Learned a level 2 spell: Passwall
  1102 | D:2      | Learned a level 3 spell: Stone Arrow
  1799 | D:3      | Reached skill level 1 in Conjurations
  1799 | D:3      | Reached XP level 6. HP: 35/35 MP: 7/10
  2011 | D:3      | Reached skill level 5 in Earth Magic
  2151 | D:3      | Found an ancient bone altar of Kikubaaqudgha.
  2522 | D:3      | You fall into a shaft and drop 3 floors!
  2624 | D:5      | Entered Level 5 of the Dungeon
  2635 | D:5      | Slain by a wight

Illustrated notes

Levels and vault maps discovered:
D:1:      dpeg_arrival_solitude, layout_basic
D:2:      layout_rooms
D:3:      layout_basic, amcnicky_altar_gilded, basic_ecumenical_altar,
          nicolae_titane
D:5:      layout_gridville, minmay_temple_entry_hall, uniq_pikel
D:6:      wander_river, layout_rooms, mainiacjoe_overflow_cross_hatched,
          grunt_gozag_statues, uniq_prince_ribbit1

Skill      XL: |  1  2  3  4  5  6 |
---------------+-------------------+-----
Transmutations | 1 |  1.7
Earth Magic    | 4 5 |  5.1
Fighting       | 1 |  1.9
Dodging        | 2 |  2.3
Stealth        | 3 |  3.3
Spellcasting   | 3 |  3.3
Conjurations   | 1 |  1.5

Action                     |  1- 3 |  4- 6 || total
---------------------------+-------+-------++-------
  Melee: Unarmed           |     9 |     2 ||    11
   Cast: Sandblast         |    32 |   102 ||   134
    Use: Potion            |     1 |       ||     1
 Armour: Robe              |     9 |    13 ||    22
  Dodge: Dodged            |    13 |    31 ||    44

Table legend: (Time is in decaauts)
 A = Elapsed time spent in this place.
 B = Non-inter-level travel time spent in this place.
 C = Inter-level travel time spent in this place.
 D = Time resting spent in this place.
 E = Time spent auto-exploring this place.
 F = Levels seen in this place.
 G = Mean time per level.
                   A        B        C        D        E       F      G
               +--------+--------+--------+--------+--------+-----+--------+
         Total |   2702 |   2660 |     42 |    271 |   1909 |   5 |  540.4 |
       Dungeon |   2702 |   2660 |     42 |    271 |   1909 |   5 |  540.4 |
               +--------+--------+--------+--------+--------+-----+--------+

Top non-repeatable levels by time:
     D:2: 1067 daAuts
     D:3: 803 daAuts
     D:1: 710 daAuts
     D:6: 105 daAuts
     D:5: 15 daAuts
